 Dungeon Crawl Stone Soup version 0.24-a0-361-g57161393b2 (webtiles) character file.

Game seed: 14361671814043454779

331 ohad the Changer (level 6, -2/38 HPs)
             Began as an Octopode Transmuter on May 26, 2019.
             Slain by Robin
             ... wielding a +0 spear
              (7 damage)
             ... on level 4 of the Dungeon.
             The game lasted 00:07:38 (3807 turns).

ohad the Changer (Octopode Transmuter)              Turns: 3807, Time: 00:07:39

Health: -2/38      AC:  2    Str:  9    XL:     6   Next: 51%
Magic:  7/10       EV: 20    Int: 17    God:
Gold:   146        SH:  0    Dex: 18    Spells: 1/11 levels left

rFire    . . .     SeeInvis .     - Unarmed
rCold    . . .     Gourm    .   (shield currently unavailable)
rNeg     . . .     Faith    .   (helmet currently unavailable)
rPois    x         Spirit   .   (no amulet)
rElec    .         Reflect  .   (no ring)
rCorr    .         Harm     .   (no ring)
MR       .....                  (no ring)
Stlth    ++........             (no ring)
HPRegen  0.12/turn              (no ring)
MPRegen  0.12/turn              (no ring)
                                (no ring)
                                (no ring)

@: spider-form
A: tiny, almost no armour, stealthy swim, (amphibious), 8 rings, (constrict 8)
a: End Transformation


You were on level 4 of the Dungeon.
You were hungry.
You were a venomous arachnid creature.
You visited 1 branch of the dungeon, and saw 4 of its levels.

You collected 146 gold pieces.

Inventory:

Missiles
 a - 50 arrows
 i - 7 boomerangs (quivered)
 n - 44 poisoned darts
 o - 27 bolts
Armour
 f - a +0 buckler
 t - a +0 shield
Scrolls
 d - a scroll of magic mapping {unknown}
 e - a scroll of noise {unknown}
 g - a scroll of amnesia {unknown}
 h - 3 scrolls of teleportation {unknown}
 j - 3 scrolls of enchant armour {unknown}
 l - a scroll of enchant weapon {unknown}
 p - a scroll of random uselessness {unknown}
 q - a scroll of identify {unknown}
Potions
 b - a potion of cancellation {unknown}
 k - a potion of curing {unknown}
 m - a potion of degeneration {unknown}
 r - a potion of haste {unknown}
 u - a potion of might {unknown}
Comestibles
 c - 9 rations
 s - 7 chunks of flesh


   Skills:
 - Level 1.0 Fighting
 - Level 2.0 Dodging
 - Level 3.0 Unarmed Combat
 - Level 3.0 Spellcasting
 - Level 5.3 Transmutations
 + Level 2.8 Ice Magic


You had one spell level left.
You knew the following spells:

 Your Spells              Type           Power        Failure   Level  Hunger
a - Beastly Appendage     Tmut           ###...       8%          1    None
b - Sticks to Snakes      Tmut           ###.....     11%         2    ##.....
c - Spider Form           Tmut/Pois      ##........   38%         3    ###....
d - Ice Form              Ice/Tmut       ###.....     54%         4    ####...

Your spell library contained the following spells:

 Spells                   Type           Power        Failure   Level  Hunger
 Corona                   Hex            #......      36%         1    None
 Ensorcelled Hibernation  Hex/Ice        #.....       32%         2    ##.....
 Confuse                  Hex            #.......     67%         3    ###....
 Dazzling Spray           Conj/Hex       #.....       67%         3    ###....
 Tukima's Dance           Hex            #.......     67%         3    ###....
 Blade Hands              Tmut           ###.......   71%         5    ######.


Dungeon Overview and Level Annotations

Branches:
Dungeon (4/15)
 Temple: D:4-7

Altars:
Ashenzari
Cheibriados
Trog

Annotations:
D:3 Grinder
D:4 Robin


Innate Abilities, Weirdness & Mutations

You cannot wear most types of armour.
You are very stealthy in the water. (Stealth+)
((You are amphibious.))
You can wear up to eight rings at the same time.
((You can use your tentacles to constrict eight enemies at once.))
((Your skin changes colour to match your surroundings (Stealth+).))
((Your rubbery body absorbs attacks. (AC +1, EV +1)))


Message History

You kill the hobgoblin!
Robin closely misses you.
You barely miss Robin. The goblin hits you but does no damage.
Robin hits you with a +0 spear!
* * * LOW HITPOINT WARNING * * *
You hit Robin.
Robin is poisoned.
Robin is moderately wounded.
The goblin no longer looks unusually strong.
The goblin misses you. Robin misses you.
Unknown command.
You closely miss the goblin. The goblin misses you.
Robin hits you but does no damage.
You bite the goblin!
You kill the goblin!
Robin closely misses you.
You hit Robin.
Robin looks as sick as possible!
Robin is moderately wounded.
Robin barely misses you.
Robin hits you from afar with a +0 spear!
You die...

#.##.# #.##.####. #.##......
#####.......## #...'........#
#.###.......)#.# #.#
#......g†#.# #.# #.######.#.#
#.# #.######s#.# #.#
#.#....(.#.######## #.#
#.##.###..........# #.#
#.##.# #..........# #.#
#....# #..........######
#.##########...............#
##.##...................###.#
#....#.######...........# #.#
###.##.# #...........# #.#


You could see Robin.

Vanquished Creatures
  A hound (D:2)
  A centaur skeleton (D:4)
  A bullfrog skeleton (D:4)
  2 orc wizards (D:4)
  An iguana (D:4)
  A worker ant (D:4)
  4 adders
  4 dart slugs
  2 leopard geckos
  4 orcs (D:4)
  3 bats
  7 giant cockroaches
  10 goblins
  11 hobgoblins
  8 jackals
  10 kobolds
  A quokka (D:2)
  A ball python (D:1)
  4 frilled lizards
  7 rats
83 creatures vanquished.

Notes
Turn   | Place    | Note
-------+----------+-------------------------------------------
     0 | D:1      | ohad the Octopode Transmuter began the quest for the Orb.
     0 | D:1      | Reached XP level 1. HP: 13/13 MP: 3/3
    59 | D:1      | Reached XP level 2. HP: 12/18 MP: 5/5
    98 | D:1      | Reached skill level 3 in Transmutations
   230 | D:1      | Learned a level 2 spell: Sticks to Snakes
   447 | D:1      | Reached XP level 3. HP: 23/23 MP: 4/6
  1303 | D:2      | Reached skill level 4 in Transmutations
  1351 | D:2      | Learned a level 3 spell: Spider Form
  1537 | D:2      | Reached XP level 4. HP: 28/28 MP: 7/7
  1580 | D:2      | Found a snail-covered altar of Cheibriados.
  2061 | D:2      | Reached skill level 5 in Transmutations
  2255 | D:3      | Reached XP level 5. HP: 29/33 MP: 8/8
  2275 | D:3      | Found a bloodstained altar of Trog.
  2402 | D:3      | Noticed Grinder
  2552 | D:3      | Paralysed by Grinder for 5 turns
  2729 | D:3      | Paralysed by Grinder for 7 turns
  3486 | D:4      | Learned a level 4 spell: Ice Form
  3503 | D:4      | Reached skill level 1 in Ice Magic
  3503 | D:4      | Reached XP level 6. HP: 30/38 MP: 8/10
  3556 | D:4      | Noticed Robin
  3687 | D:4      | Found a shattered altar of Ashenzari.
  3807 | D:4      | Slain by Robin

Levels and vault maps discovered:
D:1:      wander_arrival_chamber, layout_basic, kennysheep_boxes
D:2:      layout_basic, nicolae_overflow_crystal_walls
D:3:      layout_loops_ring, minmay_misc_feat_doors, trog_three_pillars_becter,
          uniq_grinder
D:4:      layout_basic, lemuel_crystal_altar,
          nicolae_ru_great_annihilating_truth, first_ration, uniq_robin

Skill      XL: |  1  2  3  4  5  6 |
---------------+-------------------+-----
Transmutations | 3 4 5 |  5.3
Spellcasting   | 3 |  3.0
Ice Magic      | 1 2 |  2.8
Fighting       | |  1.0
Dodging        | |  2.0
Unarmed Combat | |  3.0

Action                   |  1- 3 |  4- 6 || total
-------------------------+-------+-------++-------
Melee: Unarmed           |    95 |   126 ||   221
       Constrict         |    26 |    23 ||    49
       Tentacles         |    19 |    13 ||    32
       Kick              |     8 |    16 ||    24
       Punch             |       |     1 ||     1
 Cast: Beastly Appendage |     5 |    12 ||    17
       Spider Form       |       |     6 ||     6
 Stab: Sleeping          |     6 |     5 ||    11
  Eat: Chunk             |     2 |     4 ||     6
       Ration            |       |     1 ||     1
Armor: Skin              |    11 |     7 ||    18
Dodge: Dodged            |    56 |    78 ||   134

Table legend:
 A = Non-vault XP
 B = Vault XP
 C = Vault XP percentage of total XP
 D = Non-vault monster count
 E = Vault monster count
 F = Vault count percentage of total count
                 A         B        C        D         E       F
            +---------+---------+-------+---------+---------+-------
      Total |     416 |      57 |  12.1 |      73 |      10 |  12.0
            +---------+---------+-------+---------+---------+-------
        D:1 |      49 |       0 |   0.0 |      27 |       0 |   0.0
        D:2 |     115 |       0 |   0.0 |      24 |       0 |   0.0
        D:3 |      39 |       0 |   0.0 |      10 |       0 |   0.0
        D:4 |     213 |      57 |  21.1 |      12 |      10 |  45.5
            +---------+---------+-------+---------+---------+-------
